Map: Tempio ghiacciato

Players

Jhyrachy - Winner!

  • Race: Zerg Zerg
  • League: Gold

KingPei

  • Race: Terran Terran
  • League: Bronze

VOD

Have the link to the VOD?

Description

Time

  • Played on: May 12, 2016, 5:20 p.m.
  • Length: 22:30
Show
View Real Time Build Order
Export as new Build Order

Jhyrachy Zerg - Winner!

Build Orders: Hatch First 

Get SALT Encoding   

  12  0:01  Drone  
  13  0:10  Drone  
  14  0:17  Overlord  
  14  0:36  Drone x3  
  17  0:56  Drone  
  18  0:57  Hatchery  
  18  1:02  Extractor, Drone  
  17  1:18  Spawning Pool  
  16  1:20  Drone  
  17  1:45  Drone x2  
  17  1:46  Overlord  
  19  2:06  Queen  
  21  2:11  Queen  
  21  2:12  Drone x2  
  21  2:13  Drone  
  26  2:21  Metabolic Boost  
  26  2:28  Evolution Chamber  
  25  2:32  Drone x3  
  25  2:33  Zergling x2  
  29  2:58  Zergling x8  
  33  3:11  Zerg Melee Weapons Level 1  
  33  3:21  Drone x3  
  33  3:23  Overlord  
  36  3:59  Drone x5  
  41  4:03  Extractor  
  41  4:04  Hatchery  
  41  4:06  Extractor  
  37  4:33  Drone x3  
  37  4:34  Drone x2  
  37  4:35  Drone  
  41  4:54  Zergling x4  
  41  4:57  Overlord x2  
  41  4:58  Overlord  
  42  5:07  Zerg Ground Armor Level 1  
  42  5:20  Extractor  
  41  5:23  Drone x2  
  43  5:33  Queen  
  43  5:34  Drone x2  
  43  5:35  Drone x5  
  52  5:47  Lair  
  52  6:05  Drone  
  52  6:06  Drone x9  
  52  6:09  Extractor  
  52  6:11  Extractor, Queen  
  60  6:14  Queen  
  64  6:28  Drone x2  
  64  6:29  Drone x3  
  64  6:31  Overlord x2  
  69  6:51  Infestation Pit  
  68  7:01  Zerg Melee Weapons Level 2  
  68  7:27  Hive  
  68  7:37  Drone x2  
  68  7:38  Drone x4  
  68  7:39  Drone  
  68  7:41  Drone  
  74  7:50  Hatchery  
  73  8:02  Zergling x2  
  73  8:03  Zergling x32  
  73  8:05  Overlord x3  
  90  8:39  Queen  
  92  8:58  Ultralisk Cavern  
  92  9:00  Evolution Chamber  
  90  9:16  Zerg Ground Armor Level 2  
  90  9:22  Overlord x2  
  90  9:23  Overlord x2  
  90  9:39  Drone x2  
  90  9:40  Drone, Extractor  
  90  9:41  Drone  
  90  9:42  Drone x6  
  90  9:43  Drone  
  100  10:00  Chitinous Plating, Zerg Melee Weapons Level 3  
  100  10:03  Ultralisk  
  100  10:04  Ultralisk x7  
  100  10:05  Overlord x2  
  100  10:06  Overlord  
  148  10:13  Drone  
  148  10:14  Drone x2, Extractor  
  151  10:17  Drone x2  
  152  10:37  Spire  
  151  11:00  Adrenal Glands  
  151  11:14  Drone x3  
  151  11:15  Drone  
  151  11:18  Drone  
  156  11:19  Hatchery  
  155  11:26  Ultralisk x3  
  155  11:27  Overlord  
  155  11:28  Overlord x4  
  173  11:35  Hatchery  
  173  11:39  Queen  
  174  12:10  Ultralisk  
  174  12:11  Ultralisk x3  
  174  12:15  Zerg Ground Armor Level 3  
  198  12:38  Zerg Missile Weapons Level 1  
  198  12:44  Corruptor  
  200  12:51  Zerg Flyer Weapons Level 1  
  200  13:59  Extractor  
  198  14:26  Spire  
  198  14:30  Spire  
  196  14:35  Hatchery  
  195  14:48  Pneumatized Carapace  
  195  15:18  Greater Spire  
  195  15:32  Extractor  
  195  15:35  Zerg Missile Weapons Level 2  
  194  15:40  Zerg Flyer Weapons Level 2  
  194  15:42  Zerg Flyer Armor Level 1  
  194  15:46  Burrow  
  194  16:07  Hatchery  
  161  16:56  Brood Lord  
  163  17:12  Overseer  
  163  17:14  Overseer  
  163  17:42  Zerg Flyer Armor Level 2  
  163  18:23  Corruptor  
  163  18:24  Corruptor x5  
  175  18:46  Zerg Flyer Weapons Level 3  
  175  19:22  Extractor x2  
  173  19:29  Brood Lord x4  
  173  19:30  Brood Lord  
  183  19:33  Hatchery  
  182  19:58  Brood Lord  
Show
View Real Time Build Order
Export as new Build Order

KingPei Terran 

Build Orders:  

Get SALT Encoding   

  12  0:03  SCV  
  13  0:17  SCV  
  14  0:32  Supply Depot  
  14  0:36  SCV  
  15  0:54  SCV  
  16  0:58  Barracks  
  16  1:47  Supply Depot  
  16  1:50  SCV  
  17  2:05  Orbital Command  
  17  2:11  Command Center  
  17  2:30  SCV  
  17  2:32  Refinery  
  18  2:37  Marine  
  19  2:54  SCV  
  19  2:55  Marine  
  21  3:06  SCV  
  22  3:13  Marine  
  23  3:26  Refinery  
  23  3:37  Barracks Reactor  
  23  3:46  Orbital Command  
  23  3:54  SCV  
  24  4:06  SCV  
  24  4:19  Marine x2  
  23  4:47  Marine x2  
  23  5:13  Marine  
  23  5:14  Marine  
  25  5:31  Marine x2  
  27  5:49  Marine  
  28  5:54  Supply Depot  
  28  5:55  Marine  
  29  6:07  Marine  
  30  6:13  Marine  
  31  6:28  Engineering Bay  
  31  6:53  Marine x2  
  33  6:55  Factory  
  33  6:58  Terran Infantry Weapons Level 1  
  33  7:11  Marine x2  
  35  7:16  Supply Depot  
  35  7:23  Orbital Command  
  35  7:28  Marine  
  35  7:29  Marine  
  37  7:40  Supply Depot  
  37  7:46  Marine x2  
  39  7:56  Factory Tech Lab  
  39  8:01  Barracks  
  39  8:04  Supply Depot  
  39  8:15  SCV  
  40  8:27  Supply Depot, SCV  
  40  8:28  Siege Tank  
  44  8:39  Marine x2, SCV  
  47  8:51  SCV  
  47  8:52  Terran Infantry Armor Level 1  
  48  8:56  Marine  
  48  8:57  Marine  
  48  9:00  Siege Tank  
  53  9:03  SCV  
  53  9:04  Barracks Reactor  
  53  9:08  Barracks  
  54  9:14  Marine x2  
  54  9:15  SCV  
  57  9:28  SCV  
  58  9:32  Siege Tank, Marine x2  
  58  9:34  Starport  
  63  9:40  SCV  
  64  9:47  Armory  
  64  9:48  Marine  
  64  9:49  Marine  
  64  9:52  Marine  
  67  9:53  Marine  
  67  9:58  Barracks Reactor  
  68  10:04  Siege Tank  
  68  10:06  Marine x2  
  73  10:09  Barracks  
  73  10:10  Marine  
  73  10:11  Marine  
  75  10:24  Marine x2  
  75  10:27  Marine  
  78  10:34  Starport Reactor  
  78  10:40  Supply Depot  
  78  10:59  Refinery  
  78  11:01  Siege Tank, Marine x4, SCV  
  78  11:03  Supply Depot  
  86  11:04  Refinery  
  86  11:10  Barracks Tech Lab  
  86  11:24  Marine x6, SCV  
  86  11:25  Supply Depot  
  93  11:42  Marine, Terran Infantry Weapons Level 2  
  93  11:46  Marine x5  
  99  11:47  Supply Depot  
  99  11:56  Barracks  
  99  11:57  Medivac  
  99  12:00  Marine  
  102  12:05  Combat Shields  
  102  12:09  Marine x5, Medivac  
  102  12:10  Supply Depot  
  109  12:26  Marine  
  110  12:31  Marine, Medivac  
  110  12:33  Supply Depot  
  113  12:39  Medivac  
  115  12:49  Marine  
  115  12:50  Marine x2  
  118  12:54  Marine x2  
  118  12:55  Marine x2  
  118  12:56  Supply Depot  
  122  13:01  Barracks Reactor, Medivac  
  124  13:07  Marine  
  124  13:08  Marine  
  126  13:18  Marine x5, Medivac  
  126  13:19  Supply Depot  
  133  13:24  Stimpack  
  133  13:25  Marine  
  134  13:40  Marine x6, Medivac  
  142  13:41  Supply Depot  
  142  13:43  Engineering Bay  
  142  13:58  Terran Infantry Armor Level 2  
  142  14:03  Marine x7  
  142  14:04  Supply Depot  
  149  14:10  Command Center  
  149  14:21  Marine  
  150  14:26  Marine x4, Medivac x2  
  150  14:27  Supply Depot  
  158  14:38  Terran Infantry Weapons Level 3  
  158  14:49  Marine x7  
  158  14:51  Supply Depot  
  165  15:07  Marine  
  165  15:12  Marine x4, Medivac x2  
  165  15:13  Supply Depot  
  174  15:21  Marine x2  
  174  15:24  Marine  
  177  15:30  Marine x4  
  177  15:31  Orbital Command  
  181  15:36  Supply Depot  
  181  15:39  Marine x2  
  181  15:42  Marine, Medivac x2  
  187  15:48  Marine x4  
  192  15:57  Marine x2  
  192  15:59  Supply Depot  
  192  16:00  Marine, Terran Vehicle And Ship Armor Level 1  
  195  16:06  Marine x4  
  199  16:14  Marine  
  200  16:22  Supply Depot  
  110  17:04  Marine  
  110  17:05  Marine x6  
  117  17:14  Marine  
  117  17:15  Marine  
  119  17:22  Marine x6  
  120  17:23  Marine  
  126  17:32  Marine x2  
  128  17:40  Marine x7  
  128  17:42  Refinery  
  135  17:49  Refinery  
  135  17:50  Marine x2  
  137  17:57  Marine  
  137  17:58  Marine x6  
  144  18:07  Marine  
  144  18:08  Marine  
  146  18:15  Marine  
  146  18:16  Marine x6  
  152  18:25  Marine  
  152  18:26  Marine  
  154  18:31  Siege Tank  
  154  18:33  Marine  
  154  18:34  Marine x6  
  164  18:51  Marine  
  164  18:52  Marine x8  
  173  19:03  Siege Tank  
  173  19:09  Marine x2  
  177  19:10  Marine x7  
  177  19:14  SCV  
  186  19:26  SCV  
  186  19:27  Marine x5  
  192  19:34  Terran Infantry Armor Level 3  
  192  19:35  Siege Tank  
  196  19:38  SCV  
  196  19:41  Supply Depot  
  196  19:50  SCV  
  197  20:03  SCV  
  171  21:40  Supply Depot  
  171  21:41  Supply Depot  
Tags
 
Add a new tag
Caveats
  • Supply blocks, unpowered buildings, or Contaminate may cause inaccurate times.
  • Supply counts are checked every 10 seconds.